 Dungeon Crawl Stone Soup version 0.25-a0-425-g0e000e855e (webtiles) character file.

Game seed: 11213201315900964274, levelgen mode: deterministic

0 Gargoyl the Skirmisher (level 1, -1/15 HPs)
             Began as a Centaur Abyssal Knight on Jan 24, 2020.
             Was a Follower of Lugonu.
             Slain by a thrashing horror (3 damage)
             ... on level 4 of the Abyss.
             The game lasted 00:00:31 (157 turns).

Gargoyl the Skirmisher (Centaur Abyssal Knight)      Turns: 157, Time: 00:00:31

Health: -1/15      AC:  4    Str: 10    XL:     1   Next: 0%
Magic:  2/2        EV:  9    Int: 11    God:    Lugonu [*.....]
Gold:   26         SH:  0    Dex:  8    Spells: 0/0 levels left

rFire    . . .     SeeInvis .   a - +1 hand axe
rCold    . . .     Gourm    .   (no shield)
rNeg     . . .     Faith    .   b - +0 leather armour
rPois    .         Spirit   .   (no helmet)
rElec    .         Reflect  .   (no cloak)
rCorr    .         Harm     .   (no gloves)
MR       .....                  (no barding)
Stlth    ..........             (no amulet)
HPRegen  0.00/turn              (no ring)
MPRegen  0.08/turn              (no ring)

@: non-regenerating, mildly diseased, very quick
A: large, hooves 3, deformed body, speed 2, [frail 2], tough skin 3, [weak 2]
a: Depart the Abyss, Renounce Religion


You were on level 4 of the Abyss.
You worshipped Lugonu.
Lugonu was aware of your devotion.
You were not hungry.

You visited 0 branches of the dungeon, and saw 0 of its levels.
You visited the Abyss 1 time.

You collected 26 gold pieces.

Inventory:

Hand Weapons
 a - a +1 hand axe (weapon)
Armour
 b - a +0 leather armour (worn)
Comestibles
 c - 3 rations


   Skills:
 + Level 3.0 Fighting
 + Level 1.7 Axes
 + Level 1.3 Armour
 + Level 0.6 Dodging
 + Level 2.0 Invocations


You couldn't memorise any spells.
You didn't know any spells.
Your spell library was empty.

Dungeon Overview and Level Annotations

Branches:
Dungeon (0/15)

Altars:


Innate Abilities, Weirdness & Mutations

You have hooves in place of feet.
Armour fits poorly on your strangely shaped body.
You cover ground very quickly.
You have extremely tough skin. (AC +3)
[You are very frail. (-20% HP)]
[You are very weak. (Str -4)]


Message History

A wretched star comes into view.
The wretched star pulses with an eldritch light!
You feel weaker. x2; You feel frail. x2
You float gracefully downwards.
There is a gateway leading deeper into the Abyss here.
You feel ill.
You plunge deeper into the Abyss.
The abyssal rune of Zot can be found at this depth.
Found a shortbow.
Found a gateway leading deeper into the Abyss.
Found a potion of curing.
A thrashing horror comes into view.
The thrashing horror roars!
A thrashing horror comes into view. x2
The thrashing horror roars! x2
The thrashing horror tramples you!
Ouch! That really hurt!
* * * LOW HITPOINT WARNING * * *
You hold your ground!
The thrashing horror tramples you.
You die...

. .......... ...#...
.................#.#
..................#
.................#
.ยง...............#
.................#
...##...........#..
............#.)...#
#.......XX@.>###.#
...#.!.X....# .
.....#...#....#
##...#....#.###
#.#...## .....#...
##.#.......
.#.#.....#. #.
#####..#


You could see 3 thrashing horrors.

Vanquished Creatures (others)
  4 starspawn tentacles (Abyss:3)
4 creatures vanquished.

Notes
Turn   | Place    | Note
-------+----------+-------------------------------------------
     0 | Abyss:1  | Gargoyl the Centaur Abyssal Knight began the quest for the
                  | Orb.
     0 | Abyss:1  | Reached XP level 1. HP: 19/19 MP: 2/2
    57 | Abyss:2  | Found a corrupted altar of Lugonu.
   128 | Abyss:3  | Noticed a tentacled starspawn
   139 | Abyss:3  | Noticed an ancient zyme
   141 | Abyss:3  | Noticed a wretched star
   152 | Abyss:4  | Noticed a thrashing horror
   153 | Abyss:4  | Noticed a thrashing horror
   153 | Abyss:4  | Noticed a thrashing horror
   157 | Abyss:4  | Slain by a thrashing horror

Levels and vault maps discovered:
Abyss:4:  hangedman_abyss_theft

Action                   || total
-------------------------++-------
  Use: Potion            ||     2
       Scroll            ||     1

Table legend:
 A = Non-vault XP
 B = Vault XP
 C = Vault XP percentage of total XP
 D = Non-vault monster count
 E = Vault monster count
 F = Vault count percentage of total count
                 A         B        C        D         E       F
            +---------+---------+-------+---------+---------+-------
      Total |       0 |       0 |   N/A |       0 |       0 |  -nan
            +---------+---------+-------+---------+---------+-------
            +---------+---------+-------+---------+---------+-------
